 Dungeon Crawl Stone Soup version 0.29.1-2-gbd0b4ee654 (webtiles) character file.

Game seed: 11097050255810271217

42 wingedge the Shooter (level 3, -3/43 HPs)
             Began as a Demigod Hunter on Oct 27, 2022.
             Slain by a hobgoblin (6 damage)
             ... led by Robin
             ... on level 2 of the Dungeon.
             The game lasted 00:03:21 (909 turns).

wingedge the Shooter (Demigod Hunter)                Turns: 909, Time: 00:03:21

Health: -3/43      AC: 21    Str: 12    XL:     3   Next: 19%
Magic:  5/5        EV:  2    Int: 11    God:
Gold:   23         SH:  0    Dex: 21    Spells: 2/2 levels left

rFire   . . .      SeeInvis .   b - +0 long sword
rCold   . . .      Faith    .   (no shield)
rNeg    . . .      Spirit   .   (body armour currently unavailable)
rPois   +          Reflect  .   (helmet currently unavailable)
rElec   .          Harm     .   (cloak currently unavailable)
rCorr   .          Rampage  .   (gloves currently unavailable)
Will    .....      NoTele   +   (boots currently unavailable)
Stlth   ++........              (no amulet)
HPRegen 0.14/turn               (no ring)
MPRegen 0.09/turn               (no ring)

@: tree-form
A: stationary, stasis, torment immunity, boosted hp, high MP 1, forlorn, divine
attributes
a: no special abilities


You were on level 2 of the Dungeon.
You were a tree.
You visited 1 branch of the dungeon, and saw 2 of its levels.

You collected 23 gold pieces.

Inventory:

Hand Weapons
 a - a +0 shortbow
 b - a +0 long sword (weapon)
 k - a +0 short sword
Armour
 c - a +0 leather armour
 f - a +0 ring mail (melded)
 m - a +0 pair of boots (melded)
Scrolls
 e - a scroll of immolation
 g - a scroll of identify {unknown}
 j - a scroll of acquirement {unknown}
Potions
 d - a potion of mutation {unknown}
 h - a potion of might {unknown}
 i - a potion of heal wounds {unknown}
 l - a potion of lignification


   Skills:
 - Level 2.0 Fighting
 + Level 1.3 Long Blades
 - Level 4.2 Ranged Weapons
 - Level 2.0 Dodging
 - Level 0.8 Stealth


You had 2 spell levels left.
You didn't know any spells.
Your spell library contained the following spells:

 Spells                   Type           Power      Damage    Failure   Level
 Apportation              Tloc           0%         N/A       34%         1
 Stone Arrow              Conj/Erth      0%         3d7       71%         3
 Animate Armour           Summ/Erth      0%         N/A       98%         4
 Alistair's Intoxication  Tmut/Pois      0%         N/A       100%        5
 Lehudib's Crystal Spear  Conj/Erth      0%         10d2      100%        8


Dungeon Overview and Level Annotations

Branches:
Dungeon (2/15)

Annotations:
D:2 Robin


Innate Abilities, Weirdness & Mutations

You are a tree.
Your roots penetrate the ground, keeping you stationary.
You cannot be teleported.
You are immune to unholy pain and torment.
Your maximum health is greatly increased.
Your equipment is partially melded.
You have an increased reservoir of magic. (+10% MP)
You shall have no god before yourself.
Your divine heritage dramatically boosts your attributes as you level up.


Message History

The adder bites you but does no damage.
Okay, then.
The hobgoblin shouts!
The ball python hisses angrily.
You slash the adder!
You kill the adder!
You feel sick. The goblin hits you with a +0 dagger.
The goblin barely misses you.
Robin roars a battlecry!
The goblins go into a battle-frenzy!
Training target 1.0 for Long Blades reached!
Your Long Blades skill increases to level 1!
You need to enable at least one skill for training.
You have reached level 3!
Your experience leads to a dramatic increase in your attributes!
Increase (S)trength, (I)ntelligence, or (D)exterity?
You feel agile. x4
You slash the goblin!
You kill the goblin!
You feel sick. Robin throws the goblin at you!
You closely miss the goblin.
You feel sick. The hobgoblin hits you. The goblin barely misses you.
A hobgoblin comes into view.
You completely miss the goblin.
You feel sick.
You are no longer poisoned.
The hobgoblin barely misses you. The goblin hits you with a +0 club.
Robin roars a battlecry!
The hobgoblin hits you.
* * * LOW HITPOINT WARNING * * *
The goblin closely misses you.
The hobgoblin shouts!
You hear a shout!
You hit the goblin.
The goblin is heavily wounded.
The hobgoblin hits you.
* * * LOW HITPOINT WARNING * * *
The goblin hits you but does no damage.
It was a potion of lignification.
You turn into a tree.
Your +0 pair of boots melds into your body.
Your +0 ring mail melds into your body.
Your roots penetrate the ground.
The goblin hits you but does no damage. The hobgoblin hits you.
You die...

#....^#
#####...####
##..........#
#.#####...##...##.#
#...<..#......# .#
#.####.....#..... .
###.....##.##...
#.g........# #.#
#♣#.....#### .#
#g#.....#
#S###..... #g#
.##### ... .# #.#
.# #.# #.#


You could see Robin, a hobgoblin (strong), a goblin (strong) and a ball python.

Vanquished Creatures
  An adder (D:2)
  A dart slug (D:1)
  3 endoplasms (D:1)
  A giant cockroach (D:1)
  5 goblins
  5 hobgoblins
  A quokka (D:1)
  3 ball pythons
  5 bats (D:1)
  2 kobolds (D:1)
  2 rats
29 creatures vanquished.

Notes
Turn   | Place    | Note
-------+----------+-------------------------------------------
     0 | D:1      | wingedge the Demigod Hunter began the quest for the Orb.
     0 | D:1      | Reached XP level 1. HP: 17/17 MP: 3/3
   154 | D:1      | Reached skill level 4 in Ranged Weapons
   231 | D:1      | Reached XP level 2. HP: 24/24 MP: 4/4
   734 | D:2      | Noticed Robin
   905 | D:2      | Reached skill level 1 in Long Blades
   905 | D:2      | Reached XP level 3. HP: 19/29 MP: 5/5
   909 | D:2      | Slain by a hobgoblin

Illustrated notes

Levels and vault maps discovered:
D:1:      minmay_arrival_arboretum_small, layout_loops_ring,
          basic_ecumenical_altar
D:2:      layout_loops_ring, uniq_robin

Skill      XL: |  1  2 |
---------------+-------+-----
Ranged Weapons | 4 |  4.2
Fighting       | 2 |  2.0
Dodging        | 2 |  2.0
Long Blades    | 1 |  1.3
Stealth        | |  0.8

Action                   || total
-------------------------++-------
Melee: Long sword        ||    17
 Fire: Shortbow          ||    65
  Use: Potion            ||     1
Armor: Ring mail         ||    20
       Leather armour    ||     3
       Skin              ||     1
Dodge: Dodged            ||    33
